 Dungeon Crawl Stone Soup version 0.31-a0-216-g22e908d (webtiles) character file.

Game seed: 10678115496465473644

417 mmez the Grave Robber (level 6, -12/43 HPs)
             Began as a Demonspawn Necromancer on June 27, 2023.
             Was an Initiate of Vehumet.
             Mangled by an ogre
             ... wielding a +0 giant club
              (15 damage)
             ... on level 4 of the Dungeon on July 2, 2023.
             The game lasted 00:17:38 (3059 turns).

mmez the Grave Robber (Demonspawn Necromancer)      Turns: 3059, Time: 00:17:41

Health: -12/43     AC:  9    Str: 10    XL:     6   Next: 61%
Magic:  9/11       EV: 10    Int: 16    God:    Vehumet [......]
Gold:   153        SH:  0    Dex: 14    Spells: 11/12 levels left

rFire   . . .        a - +0 whip (elec)
rCold   . . .        (no shield)
rNeg    . . .        j - +0 ring mail
rPois   .            c - +0 helmet
rElec   .            (no cloak)
rCorr   .            (no gloves)
SInv    .            k - +0 pair of boots
Will    .....        (no amulet)
Stlth   +            f - ring of wizardry
HPRegen 0.27/turn    (no ring)
MPRegen 0.12/turn

%: wizardry (x1)
@: no status effects
A: icy blue scales 1
a: Renounce Religion


You were on level 4 of the Dungeon.
You worshipped Vehumet.
Vehumet was noncommittal.
You visited 1 branch of the dungeon, and saw 4 of its levels.

You collected 153 gold pieces.

Inventory:

Hand Weapons
 a - a +0 whip of electrocution (weapon)
Missiles
 h - 3 javelins
Armour
 c - a +0 helmet (worn)
 j - a +0 ring mail (worn)
 k - a +0 pair of boots (worn)
Jewellery
 f - a ring of wizardry (left hand)
Scrolls
 d - 3 scrolls of identify
 i - a scroll of noise {unknown}
Potions
 b - a potion of magic
 e - 3 potions of curing
 g - 2 potions of haste {unknown}
 l - 2 potions of mutation {unknown}


   Skills:
 + Level 1.2 Fighting
 + Level 0.6 Short Blades
 + Level 2.1 Maces & Flails
 + Level 0.1 Throwing
 + Level 2.1 Armour
 + Level 2.4 Dodging
 + Level 2.0 Stealth
 + Level 0.3 Unarmed Combat
 + Level 3.6 Spellcasting
 + Level 5.8 Necromancy


You had 11 spell levels left.
You knew the following spells:

 Your Spells              Type           Power      Damage    Failure   Level
a - Necrotise             Necr           84%        1d8       1%          1

Your spell library contained the following spells:

 Spells                   Type           Power      Damage    Failure   Level
 Vampiric Draining        Necr           21%        2d7       4%          3
 Animate Dead             Necr           21%        N/A       16%         4
 Magic Dart               Conj           8%         1d3       17%         1
 Searing Ray              Conj           4%         2d4       26%         2
 Agony                    Necr           21%        N/A       41%         5
 Fulminant Prism          Conj/Hex       1%         3d5       85%         4


Dungeon Overview and Level Annotations

Branches:
Dungeon (4/15)
 Temple: D:4-7

Altars:
Okawaru
Sif Muna
Vehumet


Innate Abilities, Weirdness & Mutations

You are partially covered in icy blue scales. (AC +2)


Message History

The giant cockroach bites you.
The giant cockroach bites you but does no damage.
Your ball python skeleton misses the giant cockroach.
Your ball python skeleton grabs the giant cockroach.
Your ball python skeleton constricts the giant cockroach.
You see here a +0 dagger.
You hit the giant cockroach.
You kill the giant cockroach!
You swap places.
There is a radiant altar of Vehumet here.
You kneel at the altar of Vehumet.
Vehumet welcomes you!
You offer a prayer to Vehumet.
Your ball python skeleton crumbles into dust!
Found an escape hatch in the floor.
An ogre comes into view. It is wielding a +0 giant club.
Aiming: Necrotise (safe; 1% risk of failure)
Press: ? - help, Q - select action, (/) - cycle Shift-Dir - straight line, f - ogre
Aim: an ogre, wielding a +0 giant club (asleep, chance to affect: 80%)
The ogre shouts!
The ogre writhes in agony!
The ogre hits you with a +0 giant club!
Aiming: Necrotise (safe; 1% risk of failure)
Press: ? - help, Q - select action, (/) - cycle Shift-Dir - straight line, f/p - ogre
Aim: an ogre, wielding a +0 giant club (moderately wounded, chance to affect: 80%)
The ogre writhes in agony.
The ogre hits you with a +0 giant club!!
* * * LOW HITPOINT WARNING * * *
Aiming: Necrotise (safe; 1% risk of failure)
Press: ? - help, Q - select action, (/) - cycle Shift-Dir - straight line, f/p - ogre
Aim: an ogre, wielding a +0 giant club (moderately wounded, chance to affect: 80%)
The ogre writhes in agony.
The ogre attacks as you move away! The ogre hits you with a +0 giant club!
* * * LOW HITPOINT WARNING * * *
Aiming: Necrotise (safe; 1% risk of failure)
Press: ? - help, Q - select action, (/) - cycle Shift-Dir - straight line, f/p - ogre
Aim: an ogre, wielding a +0 giant club (heavily wounded, chance to affect: 80%)
The ogre writhes in agony.
The ogre hits you with a +0 giant club!
You die...

########### ..........# #####
#########.# #.... #.# #.###
##.###### #####....
#.......##########.....†##
######......................##
###............###..........###
....####.......O@...#####.#.#
.#...###...>...####.# #####.#####
...#..##.......# ####...###.....
#......#.......# ##.......##....
..#..#.#..#.#### ##.........#####
.......###..# #....≈≈≈....# #
_..#.#.###.## ####...≈≈≈≈≈...####
.......##...###.....≈≈...≈≈.....#
..#..#.#......#._...≈≈.>{§§......


You could see an ogre.

Vanquished Creatures
  Grinder (D:4)
  A phantom (D:4)
  2 hounds (D:4)
  3 adders
  3 dart slugs
  3 orcs
  4 endoplasms
  4 giant cockroaches
  4 goblins
  6 hobgoblins
  4 quokkas
  4 ball pythons
  7 bats
  5 kobolds
  2 rats (D:2)
53 creatures vanquished.

Vanquished Creatures (collateral kills)
  A goblin (D:2)
  A hobgoblin (D:4)
  A frilled lizard (D:1)
3 creatures vanquished.

Grand Total: 56 creatures vanquished

Notes
Turn   | Place    | Note
-------+----------+-------------------------------------------
     0 | D:1      | mmez the Demonspawn Necromancer began the quest for the
                  | Orb.
     0 | D:1      | Reached XP level 1. HP: 13/13 MP: 3/3
   289 | D:1      | Gained mutation: You are partially covered in icy blue
                  | scales. (AC +2) [demonic ancestry]
   289 | D:1      | Reached XP level 2. HP: 19/19 MP: 3/5
   865 | D:2      | Reached XP level 3. HP: 22/24 MP: 3/6
  1204 | D:2      | Upgraded the game from 0.31-a0-204-g7da18ca to
                  | 0.31-a0-216-g22e908d
  1458 | D:3      | Reached skill level 5 in Necromancy
  2216 | D:4      | Found a shimmering blue altar of Sif Muna.
  2284 | D:4      | Reached skill level 1 in Maces & Flails
  2284 | D:4      | Reached XP level 4. HP: 16/31 MP: 3/7
  2419 | D:4      | Reached skill level 1 in Armour
  2478 | D:4      | Noticed a phantom
  2495 | D:4      | Killed a phantom
  2496 | D:4      | Reached XP level 5. HP: 33/36 MP: 7/9
  2801 | D:4      | Found an iron altar of Okawaru.
  2841 | D:4      | Noticed Grinder
  2852 | D:4      | Paralysed by Grinder for 5 turns
  2862 | D:4      | Killed Grinder
  2863 | D:4      | Reached skill level 1 in Fighting
  2863 | D:4      | Reached XP level 6. HP: 18/43 MP: 8/11
  2951 | D:4      | Found a radiant altar of Vehumet.
  2961 | D:4      | Became a worshipper of Vehumet
  3057 | D:4      | HP: 2/43 [ogre/+0 giant club (12)]
  3059 | D:4      | Mangled by an ogre

Illustrated notes

Levels and vault maps discovered:
D:1:      tekkud_arrival_beachfront_property, layout_loops_ring, minivault_27
D:2:      layout_loops_ring
D:3:      layout_loops_ring
D:4:      layout_loops_ring, tgw_sif, okawaru_metal_pillars_1_2,
          nicolae_vehumet_radiance, nzn_hepliaklqana_mist_gate, serial_shops,
          nicolae_shop_back_alley_shop, hangedman_abyss_or_decor_stagger,
          nicolae_shop_sticking_my_neck_out, uniq_grinder

Skill      XL: |  1  2  3  4  5 |
---------------+----------------+-----
Dodging        | 2 |  2.4
Necromancy     | 5 |  5.8
Maces & Flails | 1 2 |  2.1
Armour         | 1 2 |  2.1
Stealth        | 2 |  2.0
Spellcasting   | 3 |  3.6
Fighting       | 1 |  1.2
Short Blades   | |  0.6
Throwing       | |  0.1
Unarmed Combat | |  0.3

Action                     |  1- 3 |  4- 6 || total
---------------------------+-------+-------++-------
  Melee: Club              |    18 |       ||    18
         Unarmed           |     5 |       ||     5
         Short sword       |    70 |       ||    70
         Punch             |     2 |       ||     2
         Whip              |    26 |    41 ||    67
  Throw: Javelin           |       |     2 ||     2
   Cast: Necrotise         |    29 |    22 ||    51
    Use: Scroll            |     2 |     1 ||     3
   Stab: Sleeping          |     4 |       ||     4
         Distracted        |     1 |       ||     1
 Armour: Robe              |    15 |       ||    15
         Chain mail        |    29 |       ||    29
         Leather armour    |    18 |       ||    18
         Ring mail         |     3 |    20 ||    23
  Dodge: Dodged            |    88 |    20 ||   108

Table legend: (Time is in decaauts)
 A = Elapsed time spent in this place.
 B = Non-inter-level travel time spent in this place.
 C = Inter-level travel time spent in this place.
 D = Time resting spent in this place.
 E = Time spent auto-exploring this place.
 F = Levels seen in this place.
 G = Mean time per level.
                   A        B        C        D        E       F      G
               +--------+--------+--------+--------+--------+-----+--------+
         Total |   3064 |    586 |   2478 |      0 |      0 |   4 |  766.0 |
       Dungeon |   3064 |    586 |   2478 |      0 |      0 |   4 |  766.0 |
               +--------+--------+--------+--------+--------+-----+--------+

Top non-repeatable levels by time:
     D:4: 882 daAuts
     D:2: 743 daAuts
     D:3: 725 daAuts
     D:1: 713 daAuts
